 Dungeon Crawl Stone Soup version 0.18.1-48-g4cf74bf (webtiles) character file.

329 Gargoyl the Skirmisher (level 6, -4/49 HPs)
             Began as a Demonspawn Abyssal Knight on Sept 2, 2016.
             Was a Priest of Lugonu.
             Slain by an ogre
             ... wielding a +0 giant club
              (10 damage)
             ... on level 4 of the Dungeon.
             The game lasted 00:09:05 (4282 turns).

Gargoyl the Skirmisher (Demonspawn Abyssal Knight)  Turns: 4282, Time: 00:09:06

Health: -4/49      AC: 18    Str: 14    XL:     6   Next: 25%
Magic:  7/7        EV:  4    Int: 13    God:    Lugonu [***...]
Gold:   189        SH:  0    Dex: 13    Spells: 0 memorised, 5 levels left

rFire  . . .     SeeInvis .     a - +1 hand axe
rCold  . . .     Gourm    .     t - +0 plate armour (curse)
rNeg   . . .     Faith    .     (no shield)
rPois  .         Spirit   .     (helmet restricted)
rElec  .         Dismiss  .     s - +0 cloak
rCorr  .         Reflect  .     (no gloves)
SustAt .         Harm     .     (no boots)
MR     .....                    f - amulet of regeneration
Stlth  ..........               (no ring)
                                u - +5 ring of protection

@: not resistant to hostile enchantments, extremely unstealthy
A: antennae 1, molten scales 1, nightstalker 1
a: Depart the Abyss, Bend Space, Banish, Renounce Religion


You were on level 4 of the Dungeon.
You worshipped Lugonu.
Lugonu was most pleased with you.
You were not hungry.

You visited 1 branch of the dungeon, and saw 4 of its levels.
You visited the Abyss 1 time.

You collected 189 gold pieces.

Inventory:

Hand Weapons
 a - a +1 hand axe (weapon)
Missiles
 i - 3 tomahawks (quivered)
Armour
 s - a +0 cloak (worn)
 t - a cursed +0 plate armour (worn)
Jewellery
 f - an amulet of regeneration (around neck)
 u - a +5 ring of protection (left hand)
Wands
 v - a wand of acid (10/15)
Scrolls
 b - a scroll of enchant armour {unknown}
 e - 3 scrolls of amnesia {unknown}
 g - 2 scrolls of identify {unknown}
 m - a scroll of recharging {unknown}
 n - 2 scrolls of remove curse {unknown}
 o - a scroll of enchant weapon {unknown}
 p - 2 scrolls of noise {unknown}
 q - a scroll of teleportation {unknown}
Potions
 k - a potion of cancellation {unknown}
 r - a potion of heal wounds {unknown}
Miscellaneous
 h - a box of beasts
Comestibles
 c - 4 bread rations
 d - 8 fruits
 j - a meat ration
 l - a slice of pizza


   Skills:
 + Level 4.5 Fighting
 + Level 3.3 Axes
 * Level 3.7 Armour
 + Level 1.7 Dodging
 + Level 0.2 Stealth
 + Level 2.5 Invocations


You had 5 spell levels left.
You didn't know any spells.

Dungeon Overview and Level Annotations

Branches:
Dungeon (4/15)
 Temple: D:4-7

Altars:
Nemelex Xobeh

Annotations:
D:4 Crazy Yiuf


Innate Abilities, Weirdness & Mutations

You have a pair of small antennae on your head.
You are partially covered in molten scales (AC +1).
You are slightly more attuned to the shadows.


Message History

You hit the ogre but do no damage.
The ogre is heavily wounded.
The ogre hits you but does no damage.
You completely miss the ogre.
The ogre is heavily wounded.
The phantom blinks!
The ogre barely misses you.
You hit the ogre.
The ogre is heavily wounded.
You hit the ogre.
The ogre is severely wounded.
The ogre hits you with a giant club!!
* * * LOW HITPOINT WARNING * * *
You slash the ogre!
The ogre is almost dead.
The ogre hits you with a giant club!
* * * LOW HITPOINT WARNING * * *
Drink which item? (? for menu, Esc to quit)
It was a potion of cure mutation.
It has a very clean taste.
The ogre hits you with a giant club!
You die...

####......#
..^.......###
####.$.......#
#.........#
##W##.....?#
+..##......#
#...#......# #.
#.O.#......#
#.###+###.@.#......
##.#.........#######
#............#
##.......†....#
#.............#
#......#+######
#......#.#
#......#.# #
#......#.#


You could see a phantom and an ogre.

Vanquished Creatures
  An orc priest (D:3)
  Ijyb (D:2)
  2 worker ants
  An orc wizard (D:3)
  Robin (D:2)
  3 adders
  An adder skeleton (D:3)
  A worm (D:3)
  12 dart slugs
  2 giant geckos
  16 orcs (D:3)
  8 bats
  5 giant cockroaches
  17 goblins
  11 hobgoblins
  12 jackals
  3 kobolds
  A quokka (D:3)
  3 ball pythons
  2 giant newts
  5 rats
108 creatures vanquished.

Vanquished Creatures (others)
  A lurking horror (Abyss:1)
1 creature vanquished.

Grand Total: 109 creatures vanquished

Notes
Turn   | Place    | Note
--------------------------------------------------------------
     0 | Abyss:1  | Gargoyl the Demonspawn Abyssal Knight began the quest for the Orb.
     0 | Abyss:1  | Reached XP level 1. HP: 18/18 MP: 2/2
     6 | Abyss:1  | Found a corrupted altar of Lugonu.
   105 | Abyss:2  | Found a corrupted altar of Lugonu.
   171 | Abyss:2  | Noticed a small abomination
   178 | D:1      | Escaped the Abyss
   508 | D:1      | Gained mutation: You are slightly more attuned to the shadows. [demonic ancestry]
   508 | D:1      | Reached XP level 2. HP: 22/24 MP: 3/3
   543 | D:1      | Reached skill level 1 in Dodging
   618 | D:1      | Reached * piety under Lugonu
  1075 | D:2      | Gained mutation: You have a pair of small antennae on your head. [demonic ancestry]
  1075 | D:2      | Reached XP level 3. HP: 19/30 MP: 4/4
  1510 | D:2      | Noticed Ijyb
  1527 | D:2      | Killed Ijyb
  1527 | D:2      | Reached skill level 4 in Fighting
  1527 | D:2      | Reached XP level 4. HP: 28/37 MP: 5/5
  1589 | D:2      | Reached ** piety under Lugonu
  1858 | D:2      | Noticed Robin
  1880 | D:2      | Killed Robin
  2565 | D:3      | Reached XP level 5. HP: 16/42 MP: 6/6
  3076 | D:3      | Reached *** piety under Lugonu
  3372 | D:3      | Gained mutation: You are partially covered in molten scales (AC +1). [demonic ancestry]
  3372 | D:3      | Reached XP level 6. HP: 41/49 MP: 7/7
  3613 | D:3      | Found a sparkling altar of Nemelex Xobeh.
  4158 | D:4      | Noticed Crazy Yiuf
  4282 | D:4      | Slain by an ogre

Skill      XL: |  1  2  3  4  5 |
---------------+----------------+-----
Armour         | 2 3 |  3.7
Dodging        | 1 |  1.7
Axes           | 2 3 |  3.3
Fighting       | 4 |  4.5
Stealth        | |  0.2
Invocations    | |  2.5

Action                   |  1- 3 |  4- 6 || total
-------------------------+-------+-------++-------
Melee: Hand axe          |   137 |   274 ||   411
Throw: Tomahawk          |       |     2 ||     2
Invok: Depart the Abyss  |     1 |       ||     1
  Use: Potion            |       |     4 ||     4
  Eat: Chunk             |     2 |     8 ||    10
       Beef jerky        |       |     1 ||     1
Armor: Scale mail        |    76 |    90 ||   166
       Plate armour      |       |    82 ||    82
Dodge: Dodged            |    89 |   131 ||   220
